 Dungeon Crawl Stone Soup version 0.20.0-8-g6b59dc7 (webtiles) character file.

7 Kook the Firebug (level 1, 0/12 HPs)
             Began as a Demonspawn Fire Elementalist on June 1, 2017.
             Succumbed to an adder's poison
             ... on level 1 of the Dungeon.
             The game lasted 00:01:41 (530 turns).

Kook the Firebug (Demonspawn Fire Elementalist)      Turns: 530, Time: 00:01:42

Health: 0/12       AC:  3    Str:  8    XL:     1   Next: 91%
Magic:  1/3        EV: 12    Int: 18    God:
Gold:   50         SH:  0    Dex: 15    Spells: 3/4 levels left

rFire    + . .     SeeInvis .   g - +0 whip
rCold    + . .     Gourm    .   (no shield)
rNeg     . . .     Faith    .   a - +0 robe
rPois    +         Spirit   .   f - +0 helmet
rElec    +         Reflect  .   (no cloak)
rCorr    +         Harm     .   (no gloves)
MR       .....                  (no boots)
Stlth    ++........             (no amulet)
Regen    0.1/turn               (no ring)
MPRegen  0.1/turn               (no ring)

@: lethally poisoned (0 -> -10), resistant, very slightly contaminated
A: agile 1, clever 1, frail 1
a: no special abilities


You were on level 1 of the Dungeon.
You were not hungry.

You visited 1 branch of the dungeon, and saw 1 of its levels.

You collected 50 gold pieces.

Inventory:

Hand Weapons
 g - a +0 whip (weapon)
Armour
 a - a +0 robe (worn)
 f - a +0 helmet (worn)
Jewellery
 k - an uncursed ring of see invisible {unknown}
Scrolls
 e - a scroll of recharging {unknown}
 h - a scroll of fear {unknown}
 i - a scroll of amnesia {unknown}
Books
 b - a book of Flames

   Spells                             Type                      Level
   a - Flame Tongue                   Conjuration/Fire             1
   b - Throw Flame                    Conjuration/Fire             2
   c - Conjure Flame                  Conjuration/Fire             3
   d - Inner Flame                    Hexes/Fire                   3
   e - Sticky Flame                   Conjuration/Fire             4
   f - Fireball                       Conjuration/Fire             5
Comestibles
 c - a bread ration
 d - 4 fruits


   Skills:
 * Level 0.6 Fighting
 - Level 1.7 Dodging
 - Level 1.7 Stealth
 * Level 2.2 Spellcasting
 * Level 1.0 Conjurations
 * Level 2.8 Fire Magic


You had 3 spell levels left.
You knew the following spells:

 Your Spells              Type           Power        Failure   Level  Hunger
a - Flame Tongue          Conj/Fire      #....        8%          1    #......


Dungeon Overview and Level Annotations

Branches:
Dungeon (1/15)

Altars:


Innate Abilities, Weirdness & Mutations

You are agile. (Dex +2)
Your mind is acute. (Int +2)
You are frail. (-10% HP)


Message History

The adder is moderately wounded.
You feel sick. The adder bites you.
It was a potion of resistance.
You feel protected. The adder misses you. The adder bites you.
* * * LOW HITPOINT WARNING * * *
It was a potion of mutation.
You feel extremely strange.
You feel frail.
You feel clever.
You feel agile.
* * * LOW HITPOINT WARNING * * *
You feel sick. The adder barely misses you.
You miss the adder.
The adder is moderately wounded.
The adder barely misses you.
You hit the adder but do no damage.
The adder is moderately wounded.
* * * LOW HITPOINT WARNING * * *
You feel sick. The adder barely misses you. x2
You closely miss the adder.
The adder is moderately wounded.
You die...

#.## ##.......## ##...## #.....
#.# #.......# #..## ##.... #.#
##.......# ##..# #....
#..###.........###...### #.###
#............[.........# #.###
##.#..##...#####.###.#.## #.... #
........## #.##.###.## ##### ##
##.......###S#.## ##.# #####
.####.........##@#..###.#####....
....+.........'......#...........
.####.........##.......######.##.
######.......######.#.## #.###
....###.....## ###.# #.##. ###.#
##...## #.# #.##. ###.# ##'## #
#.##. .##.# #.# #.##. .##.# #.#
#....


You could see an adder.

Vanquished Creatures
  A goblin (D:1)
  2 hobgoblins (D:1)
  A kobold (D:1)
  A bat (D:1)
  2 rats (D:1)
7 creatures vanquished.

Notes
Turn   | Place    | Note
-------+----------+-------------------------------------------
     0 | D:1      | Kook the Demonspawn Fire Elementalist began the quest for the Orb.
     0 | D:1      | Reached XP level 1. HP: 13/13 MP: 3/3
   527 | D:1      | Gained mutation: You are frail. (-10% HP) [potion of mutation]
   527 | D:1      | Gained mutation: Your mind is acute. (Int +2) [potion of mutation]
   527 | D:1      | Gained mutation: You are agile. (Dex +2) [potion of mutation]
   530 | D:1      | Succumbed to an adder's poison

Action                   || total
-------------------------++-------
Melee: Unarmed           ||     5
       Whip              ||     4
 Cast: Flame Tongue      ||    12
  Use: Potion            ||     2
Armor: Robe              ||     3
Dodge: Dodged            ||     8
